Unix NetHack Version 5.0.0-0 post-release - last build May 17 2026 04:57:42 (dc50c8380fa5e20985bfe3072449f57b8d9895ef,branch:main).

Game began 2026-05-20 09:23:03, ended 2026-05-20 09:36:22.

Grufus, neutral female human Valkyrie

                                             -----                      -----
                                             ...e@d                     |...|
                                             |..:|#                    #....|
                                             |..=|#                    #|...|
                                             -----[##)##               #|..{|
                                                       ##          #####|(..|
                                                        #          #    |>..|
                                                        ##         #    ---#-
                                                         ##--------#
                                                          #|.......#
                                                          #-.[....|
                                                           |......|
                                                           |.`....|
                                                           |......|
                                                           --------

Grufus the Skirmisher       St:17 Dx:15 Co:15 In:11 Wi:10 Ch:10  Neutral
Dlvl:3  $:75 HP:0(29) Pw:5(5) AC:1  Xp:3 T:1069 

Latest messages:
 The goblin throws an orcish dagger!
 An orcish dagger misses you.
 The homunculus misses the floating eye.
 The homunculus is frozen by the floating eye's gaze!
 The goblin misses!
 You hit the goblin.
 Your hands no longer glow so brightly red.
 The goblin appears confused.
 You miss the goblin.
 The goblin hits!
 You miss the goblin.
 You hit the homunculus.
 The goblin hits!
 You kill the homunculus!
 The goblin hits!
 You kill the goblin!
 You see here a goblin corpse.
 There is a goblin corpse here; eat it? [ynq] (n) y
 This goblin corpse tastes terrible!
 You finish eating the goblin corpse.
 You see here a granite ring.
 You see here an orcish dagger.
 You see here an orcish helm.
 You see here an orcish dagger.
 You see here an apron.
 o - an apron.
 What do you want to drop? [$a-df-iklno or ?*] o
 You drop an apron.
 You see here an orcish dagger.
 You see here an orcish helm.
 You miss the floating eye.
 You are frozen by the floating eye's gaze!
 The iguana bites!
 The iguana bites!
 The iguana misses!
 The iguana bites!
 The iguana bites!
 The iguana bites!
 The iguana misses!
 The iguana misses!
 The iguana bites!
 The iguana bites!
 The iguana bites!
 The iguana bites!
 You die...
 Do you want your possessions identified? [ynq] (y) y
 Do you want to see your attributes? [ynq] (y) n
 Do you want an account of creatures vanquished? [ynaq] (y) n
 Do you want to see your conduct and achievements? [ynq] (y) n
 Do you want to see the dungeon overview? [ynq] (y) n

Inventory:
 Coins    ('$')
  $ - 75 gold pieces
 Weapons  (')')
  b - a +0 dagger (alternate weapon; not wielded)
  l - a cursed -1 elven dagger (weapon in right hand)
  a - a +1 spear
 Armor    ('[')
  c - an uncursed +3 small shield (being worn)
  k - an uncursed +0 elven mithril-coat (being worn)
 Comestibles  ('%')
  d - 4 uncursed food rations
  h - a cursed fortune cookie
  g - an uncursed pancake
  f - an uncursed tripe ration
 Spellbooks  ('+')
  i - an uncursed spellbook of protection
 Potions  ('!')
  n - 2 uncursed potions of healing

Grufus the Valkyrie's attributes:

Background:
 You were a Skirmisher, a level 3 human Valkyrie.
 You were neutral, nominally on a mission for Odin
 who was opposed by Tyr (lawful) and Loki (chaotic).
 You were right-handed.
 You were in the Dungeons of Doom, on level 3.
 You entered the dungeon 1069 turns ago.
 You had 73 experience points, 7 more were needed to attain level 4.

Basics:
 You had 0 out of 29 hit points.
 You had all 5 energy points (spell power).
 Your armor class was 1.
 Your wallet contained 75 zorkmids.
 Autopickup was off.

Final Characteristics:
 Your strength was 17 (limit:18/100).
 Your dexterity was 15 (limit:18).
 Your constitution was 15 (limit:18).
 Your intelligence was 11 (limit:18).
 Your wisdom was 10 (limit:18).
 Your charisma was 10 (limit:18).

Final Status:
 You weren't hungry.
 You were unencumbered.
 You were wielding a dagger.
 You had basic skill with dagger.

Final Attributes:
 You were devoutly aligned.
 You were cold resistant.
 You saw invisible.
 You would have confused monsters when hitting them.
 You were stealthy.
 You were guarded.
 Your spell casting was impaired by metallic armor.
 You are dead.

Miscellaneous:
 You didn't encounter any bones levels.
 Total elapsed playing time was 13 minutes and 17 seconds.

Major events:
 Turn
    1: Grufus the neutral human Valkyrie entered the dungeon
  544: attained the rank of Skirmisher (level 3)
 1069: killed by an iguana, while frozen by a floating eye's gaze

Spells:
 Name                 Level Category     Fail Retention
 protection             1   clerical     100%  76%-100%

Skills:
 Fighting Skills
   bare handed combat [Unskilled]
   two weapon combat  [Unskilled]
   riding             [Unskilled]
 Weapon Skills
   dagger             [Basic]
   axe                [Unskilled]
   pick-axe           [Unskilled]
   short sword        [Unskilled]
   broadsword         [Unskilled]
   long sword         [Unskilled]
   two-handed sword   [Unskilled]
   saber              [Unskilled]
   hammer             [Unskilled]
   quarterstaff       [Unskilled]
   polearms           [Unskilled]
   spear              [Basic]
   trident            [Unskilled]
   lance              [Unskilled]
   sling              [Unskilled]
 Spellcasting Skills
   attack spells      [Unskilled]
   escape spells      [Unskilled]

Voluntary challenges:
 Character rerolling was not enabled.
 You were an atheist.
 You never genocided any monsters.
 You never polymorphed an object.
 You never changed form.
 You used no wishes.
Achievement:
 You attained the rank of Skirmisher.

 The Dungeons of Doom: levels 1 to 3
    Level 1:
    Level 2:
    Level 3: <- You were here.
       A fountain.
       Final resting place for
          you, killed by an iguana, while frozen by a floating eye's gaze.


Vanquished creatures:
  a homunculus
  a hobbit
  a red mold
  2 geckos
  3 jackals
  2 foxes
  2 kobolds
  3 goblins
  a grid bug
  2 lichens
  4 newts
22 creatures vanquished.

No species were genocided or became extinct.

Game over:
                       ----------
                      /          \
                     /    REST    \
                    /      IN      \
                   /     PEACE      \
                  /                  \
                  |      Grufus      |
                  |      75 Au       |
                  |   killed by an   |
                  |      iguana      |
                  |                  |
                  |                  |
                  |       2026       |
                 *|     *  *  *      | *
        _________)/\\_//(\/(/\)/\//\/|_)_______

Farvel Grufus the Valkyrie...

You died in The Dungeons of Doom on dungeon level 3 with 460 points,
and 75 pieces of gold, after 1069 moves.
You were level 3 with a maximum of 29 hit points when you died.

